 Dungeon Crawl Stone Soup version 0.30-a0-364-gf6b3ef1049 (webtiles) character file.

Game seed: 7442981839671456313

0 mopl the Sneak (level 1, -2/14 HPs)
             Began as an Octopode Brigand on Nov 15, 2022.
             Slain by a quokka (5 damage)
             ... on level 1 of the Dungeon.
             The game lasted 00:00:21 (84 turns).

mopl the Sneak (Octopode Brigand)                     Turns: 84, Time: 00:00:22

Health: -2/14      AC:  1    Str: 10    XL:     1   Next: 10%
Magic:  1/1        EV: 12    Int: 13    God:
Gold:   0          SH:  0    Dex: 13    Spells: 0/0 levels left

rFire   . . .      SeeInvis .    a - +2 dagger
rCold   . . .      Faith    .    (no shield)
rNeg    . . .      Spirit   .    (helmet restricted)
rPois   .          Reflect  .    (no amulet)
rElec   .          Harm     .    (no ring)
rCorr   .          Rampage  .    (no ring)
Will    .....                    (no ring)
Stlth   ++++......               (no ring)
HPRegen 0.22/turn                (no ring)
MPRegen 0.07/turn                (no ring)
                                 (no ring)
                                 (no ring)

@: no status effects
A: almost no armour, amphibious, 8 rings, camouflage 1, gelatinous body 1,
(nimble swimmer 1), tentacles
a: no special abilities


You were on level 1 of the Dungeon.
You visited 1 branch of the dungeon, and saw 1 of its levels.

Inventory:

Hand Weapons
 a - a +2 dagger (weapon)
Missiles
 b - 9 poisoned darts (quivered)
 c - 3 curare-tipped darts


   Skills:
 + Level 2.0 Fighting
 - Level 2.0 Short Blades
 + Level 2.0 Throwing
 + Level 1.0 Dodging
 + Level 5.3 Stealth


You couldn't memorise any spells.
You didn't know any spells.
Your spell library was empty.

Dungeon Overview and Level Annotations

Branches:
Dungeon (1/15)

Altars:


Innate Abilities, Weirdness & Mutations

You cannot wear most types of armour.
You are amphibious.
You can wear up to eight rings at the same time.
Your skin changes colour to match your surroundings (Stealth+).
Your rubbery body absorbs attacks. (AC +1, EV +1)
((You are camouflaged when in or above water. (Stealth+)))
You have tentacles for arms and can constrict up to eight enemies at once.


Message History

Welcome, mopl the Octopode Brigand.
The glorious Orb of Zot lies far below, as if waiting for you to find it.
Press ? for a list of commands and other information.
Found a staircase leading out of the dungeon.
As you open the large door, it creaks loudly!
There is a large open door here.
Found a club.
A bat comes into view.
The helpless bat fails to defend itself.
You impale the bat!!
You kill the bat!
You see here a bat corpse.
A quokka comes into view.
The quokka bites you.
You closely miss the quokka. Your grab misses the quokka.
The quokka bites you. x2
A quokka is nearby!
You hit the quokka but do no damage. Your grab misses the quokka.
The quokka closely misses you.
You barely miss the quokka. Your grab misses the quokka. The quokka bites you.
* * * LOW HITPOINT WARNING * * *
You barely miss the quokka. You grab the quokka. You constrict the quokka.
The quokka bites you.
You die...

#........ #.#######
#.# #.# #.#.# #.#
#.#.# #.#
####.#.###.##
#r..........#
#@##.#.###..#
#.##.#.# #..######
#.##.#.# #.......)
#......# ##.######
#.##†######.##
#............#
#.##.#######.#
###.#...######...
#.............###.#


You could see a quokka.

Vanquished Creatures
  A bat (D:1)
1 creature vanquished.

Notes
Turn   | Place    | Note
-------+----------+-------------------------------------------
     0 | D:1      | mopl the Octopode Brigand began the quest for the Orb.
     0 | D:1      | Reached XP level 1. HP: 14/14 MP: 1/1
    84 | D:1      | Slain by a quokka

Illustrated notes

Levels and vault maps discovered:
D:1:      lightli_arrival_windingriver, layout_loops_ring,
          hellmonk_ecumenical_altar_lost_god, minmay_misc_feat_diagonals

Action                   || total
-------------------------++-------
Melee: Dagger            ||     5
       Constrict         ||     1
 Stab: Sleeping          ||     1
Dodge: Dodged            ||     1

Table legend: (Time is in decaauts)
 A = Elapsed time spent in this place.
 B = Non-inter-level travel time spent in this place.
 C = Inter-level travel time spent in this place.
 D = Time resting spent in this place.
 E = Time spent auto-exploring this place.
 F = Levels seen in this place.
 G = Mean time per level.
                   A        B        C        D        E       F      G
               +--------+--------+--------+--------+--------+-----+--------+
         Total |     83 |     83 |      0 |      0 |     67 |   1 |   83.0 |
       Dungeon |     83 |     83 |      0 |      0 |     67 |   1 |   83.0 |
               +--------+--------+--------+--------+--------+-----+--------+

Top non-repeatable levels by time:
     D:1: 83 daAuts
